 Dungeon Crawl Stone Soup version 0.25-a0-842-g81a31cfd23 (console) character file.

Game seed: 449868771898099586, levelgen mode: classic

158 Duffy the Fighter (level 5, -6/67 HPs)
             Began as a Naga Fighter on Apr 24, 2020.
             Mangled by a centaur (7 damage)
             ... on level 2 of the Dungeon.
             The game lasted 00:01:28 (1791 turns).

Duffy the Fighter (Naga Fighter)                    Turns: 1791, Time: 00:01:28

Health: -6/67      AC:  5    Str: 18    XL:     5   Next: 39%
Magic:  5/5        EV:  5    Int: 10    God:
Gold:   55         SH:  9    Dex: 10    Spells: 4/4 levels left

rFire    . . .     SeeInvis +   a - +0 war axe
rCold    . . .     Gourm    .   c - +0 kite shield
rNeg     . . .     Faith    .   b - +0 scale mail
rPois    +         Spirit   .   (no helmet)
rElec    .         Reflect  .   (no cloak)
rCorr    .         Harm     .   (no gloves)
MR       .....                  (no barding)
Stlth    ..........             (no amulet)
HPRegen  0.21/turn              e - ring of flight
MPRegen  0.09/turn              (no ring)

@: very slow
A: large, see invisible, deformed body, poison resistance, slowness 2, slow
metabolism 1, spit poison 1, AC +1
a: Spit Poison, Evoke Flight


You were on level 2 of the Dungeon.
You were not hungry.

You visited 1 branch of the dungeon, and saw 2 of its levels.

You collected 55 gold pieces.

Inventory:

Hand Weapons
 a - a +0 war axe (weapon)
Armour
 b - a +0 scale mail (worn)
 c - a +0 kite shield (worn)
Jewellery
 e - a ring of flight (left hand)
Scrolls
 g - a scroll of identify {unknown}
 h - a scroll of fog {unknown}
 i - a scroll of immolation {unknown}
 k - a scroll of teleportation {unknown}
 m - a scroll of magic mapping {unknown}
 p - a scroll of remove curse {unknown}
Potions
 d - a potion of might
 j - a potion of berserk rage {unknown}
 l - a potion of brilliance {unknown}
Comestibles
 f - 6 rations
 n - 3 chunks of flesh


   Skills:
 - Level 11.5 Fighting
 + Level 3.4 Axes
 - Level 2.4 Armour
 + Level 3.4 Shields


You had 4 spell levels left.
You didn't know any spells.
Your spell library was empty.

Dungeon Overview and Level Annotations

Branches:
Dungeon (2/15)

Altars:


Innate Abilities, Weirdness & Mutations

You cannot wear boots.
Your serpentine skin is tough. (AC +1)
You have supernaturally acute eyesight. (SInv)
Armour fits poorly on your strangely shaped body.
Your system is resistant to poisons. (rPois)
You cover ground very slowly.
You have a slow metabolism.
You can spit poison.


Message History

A rat comes into view.
The worm bites you! The kobold completely misses you.
You block the centaur's attack.
You hit the centaur.
The centaur is heavily wounded.
You hit the worm. You closely miss the kobold. The centaur hits you.
You block the kobold's attack. The worm bites you.
The centaur completely misses you.
It was a potion of experience.
You feel more experienced!
Your Fighting skill gained 8 levels and is now at level 11!
You have reached level 5!
You have got your breath back.
The kobold hits you.
The centaur hits you but does no damage.
You slash the centaur!
The centaur is almost dead.
You hit the worm. You closely miss the kobold. The centaur barely misses you.
The kobold hits you. The centaur hits you!
You die...

#...........#.#
#..........[#.#
#...........###
#...........#
#.####'######
##.. #.####.#
.... ###...%..#
##.
....r..(#### #
#####.#K@..# #
#...cw.#
#.####.# #. ...
# # ##. ##.# #
...# ##.# #


You could see a centaur, a worm, a kobold and a rat.

Vanquished Creatures
  4 adders (D:2)
  A worm (D:2)
  2 dart slugs
  6 bats
  2 giant cockroaches
  4 goblins
  2 hobgoblins (D:1)
  5 jackals
  A quokka (D:2)
  5 frilled lizards
  2 kobolds
  5 rats
39 creatures vanquished.

Notes
Turn   | Place    | Note
-------+----------+-------------------------------------------
     0 | D:1      | Duffy the Naga Fighter began the quest for the Orb.
     0 | D:1      | Reached XP level 1. HP: 21/21 MP: 1/1
   352 | D:1      | Reached XP level 2. HP: 26/28 MP: 2/2
  1141 | D:2      | Reached XP level 3. HP: 31/34 MP: 3/3
  1532 | D:2      | Reached XP level 4. HP: 33/42 MP: 4/4
  1782 | D:2      | Noticed a centaur
  1790 | D:2      | Reached skill level 11 in Fighting
  1790 | D:2      | Reached XP level 5. HP: 4/67 MP: 5/5
  1791 | D:2      | HP: 1/67 [kobold (3)]
  1791 | D:2      | Mangled by a centaur

Levels and vault maps discovered:
D:1:      dpeg_arrival_water_temple_mockup, layout_basic
D:2:      minmay_diamond_boxcup, layout_basic, first_ration, nrook_campfire,
          serial_bayou_ford_a, minmay_tetromino_i2

Skill      XL: |  1  2  3  4 |
---------------+-------------+-----
Shields        | 3 |  3.4
Axes           | 3 |  3.4
Fighting       | 11 | 11.5
Armour         | |  2.4

Action                   |  1- 3 |  4- 6 || total
-------------------------+-------+-------++-------
Melee: War axe           |   106 |    32 ||   138
 Abil: Spit Poison       |     3 |     1 ||     4
  Use: Potion            |       |     2 ||     2
  Eat: Chunk             |     1 |     1 ||     2
Armor: Scale mail        |    65 |    35 ||   100
Dodge: Dodged            |    25 |    14 ||    39
Block: Kite shield       |    64 |    29 ||    93

Table legend:
 A = Non-vault XP
 B = Vault XP
 C = Vault XP percentage of total XP
 D = Non-vault monster count
 E = Vault monster count
 F = Vault count percentage of total count
                 A         B        C        D         E       F
            +---------+---------+-------+---------+---------+-------
      Total |     114 |       1 |   0.9 |      38 |       1 |   2.6
            +---------+---------+-------+---------+---------+-------
        D:1 |      29 |       0 |   0.0 |      19 |       0 |   0.0
        D:2 |      85 |       1 |   1.2 |      19 |       1 |   5.0
            +---------+---------+-------+---------+---------+-------
